[Event "Titled Tuesday Blitz October 11 Late 2022"]
[White "Przybylski, Wojciech"]
[Black "Alexikov, Alexander"]
[WhiteFideId "1117599"]
[BlackFideId "14103958"]
[WhiteElo "2221"]
[BlackElo "2222"]
[Result "1-0"]
[Round "04"]
[TimeControl "180+1"]
[Date "2022.10.12"]
[WhiteClock "0:00:18"]
[BlackClock "0:00:02"]

1. e4 c5 2. Nf3 d6 3. d4 cxd4 4. Nxd4 Nf6 5. Nc3 a6 6. Be3 e5 7. Nb3 Be6 8. f3 Be7 9. Qd2 h5 10. O-O-O Nbd7 11. Kb1 Qc7 12. g3 g6 13. h3 Kf8 14. Bd3 Kg7 15. f4 b5 16. f5 Bc4 17. Rhg1 b4 18. Ne2 a5 19. g4 hxg4 20. hxg4 a4 21. Nbc1 Bxd3 22. cxd3 Bf8 23. g5 Nh5 24. f6+ Kg8 25. d4 b3 26. a3 Nb6 27. d5 Rc8 28. Bxb6 Qxb6 29. Nc3 Qa5 30. Nd3 Rc4 31. Rc1 Rd4 32. Qe3 Qa6 33. Nb4 Qa8 34. Nc6 Rc4 35. Ne2 Rc5 36. Rxc5 dxc5 37. Nxe5 Bd6 38. Nc4 Bf8 39. Qd2 Qb8 40. e5 Qc7 41. Qd3 Rh7 42. Qe4 Qb7 43. e6 fxe6 44. Qxg6+ Kh8 45. dxe6 Qf3 46. e7 1-0


[Site "https://www.chess.com"]

[Event "Titled Tuesday Blitz October 11 Late 2022"]
[White "Rasulov, Vugar"]
[Black "Aarav Dengla"]
[WhiteFideId "13402390"]
[BlackFideId "45059756"]
[WhiteElo "2509"]
[BlackElo "2257"]
[Result "1-0"]
[Round "04"]
[TimeControl "180+1"]
[Date "2022.10.11"]
[WhiteClock "0:01:07"]
[BlackClock "0:00:15"]

1. Nf3 d5 2. c4 e6 3. g3 Nf6 4. Bg2 a6 5. Qc2 dxc4 6. Qxc4 b5 7. Qc2 Bb7 8. O-O c5 9. Nc3 Nbd7 10. d3 Be7 11. e4 O-O 12. Rd1 Qc7 13. Bf4 e5 14. Bg5 h6 15. Bxf6 Nxf6 16. Rac1 Qb6 17. a4 b4 18. Nb1 Nd7 19. Nbd2 Bc6 20. b3 Qc7 21. Nc4 Bf6 22. Ne3 Rfc8 23. h4 Be7 24. Bh3 Rd8 25. Nc4 f6 26. Ne3 Nb6 27. h5 Bd7 28. Bxd7 Rxd7 29. Nh4 Bf8 30. Ng6 Rc8 31. Kg2 a5 32. Rd2 Qc6 33. Qd1 Qe6 34. Rdc2 Qxb3 35. Qg4 Qf7 36. Nf5 Kh7 37. f4 b3 38. Rf2 Nxa4 39. fxe5 b2 40. Rcf1 Nc3 41. Rxb2 Rxd3 42. Nxh6 gxh6 43. Qxc8 Bg7 44. Qf5 Kg8 45. Rb8+ 1-0


[Site "https://www.chess.com"]

[Event "Titled Tuesday Blitz October 11 Late 2022"]
[White "Remolar Gallen, Jose"]
[Black "Matinian, Nikita"]
[WhiteFideId "2215187"]
[BlackFideId "24129100"]
[WhiteElo "2488"]
[BlackElo "2699"]
[Result "0-1"]
[Round "04"]
[TimeControl "180+1"]
[Date "2022.10.12"]
[WhiteClock "0:00:04"]
[BlackClock "0:00:56"]

1. d4 Nf6 2. Nf3 g6 3. Nbd2 d5 4. g3 Bg7 5. Bg2 c5 6. dxc5 Nbd7 7. O-O Nxc5 8. c4 O-O 9. cxd5 Nxd5 10. Nb3 Na4 11. Nbd4 Qa5 12. Bd2 Qa6 13. Qb3 e6 14. e4 Ndb6 15. Rfc1 Nd7 16. Bf1 Nac5 17. Bxa6 Nxb3 18. axb3 bxa6 19. Bb4 Re8 20. Rc7 Ne5 21. Rac1 Nxf3+ 22. Nxf3 Bxb2 23. R1c2 Bf6 24. e5 Bg7 25. Bd6 h6 26. Nd4 a5 27. Nc6 Ba6 28. Nxa5 Bd3 29. R2c3 Be4 30. f3 Bd5 31. Kf2 Rad8 32. f4 Rxd6 33. exd6 Bxc3 34. Rxc3 Rd8 35. Rc7 Rxd6 36. Rxa7 Rb6 37. Ke3 Bxb3 38. Nxb3 Rxb3+ 39. Ke4 Rb2 40. h4 h5 41. Kf3 Rb3+ 42. Kg2 Kg7 43. Ra5 Rb7 44. Rc5 Rd7 45. Ra5 Kf6 46. Kf3 Rd5 47. Ra6 Rd3+ 48. Kf2 Kf5 49. Ra5+ Kg4 50. Rg5+ Kh3 0-1


[Site "https://www.chess.com"]

[Event "Titled Tuesday Blitz October 11 Late 2022"]
[White "Reprintsev, Alexander"]
[Black "Boruchovsky, Avital"]
[WhiteFideId "14100541"]
[BlackFideId "2800055"]
[WhiteElo "2501"]
[BlackElo "2819"]
[Result "0-1"]
[Round "04"]
[TimeControl "180+1"]
[Date "2022.10.12"]
[WhiteClock "0:00:01"]
[BlackClock "0:01:31"]

1. e4 e6 2. d4 d5 3. Nc3 Bb4 4. Ne2 Nf6 5. e5 Nfd7 6. a3 Be7 7. Nf4 c5 8. Qh5 g6 9. Qh6 Bf8 10. Qh3 cxd4 11. Nb5 Nxe5 12. Nxd4 Nbc6 13. Bb5 Bg7 14. Be3 O-O 15. O-O-O a6 16. Be2 Bd7 17. Rhe1 Rc8 18. Kb1 Na5 19. Bc1 Nec4 20. Nb3 e5 21. Rxd5 Bxh3 22. Rxd8 Rfxd8 23. Nxh3 Nxb3 24. cxb3 Nd2+ 25. Ka2 Ne4 26. f3 Nc5 27. Nf2 b5 28. Be3 f5 29. Bg5 Re8 0-1


[Site "https://www.chess.com"]

[Event "Titled Tuesday Blitz October 11 Late 2022"]
[White "Reshetnikov, Alexey"]
[Black "Sourath Biswas"]
[WhiteFideId "4162080"]
[BlackFideId "35091484"]
[WhiteElo "2783"]
[BlackElo "2596"]
[Result "1-0"]
[Round "04"]
[TimeControl "180+1"]
[Date "2022.10.12"]
[WhiteClock "0:00:39"]
[BlackClock "0:00:05"]

1. e4 c6 2. d4 d5 3. e5 Bf5 4. h4 h5 5. c4 e6 6. Nc3 Bb4 7. Ne2 dxc4 8. Ng3 Bg6 9. Bxc4 Nh6 10. Bg5 Qb6 11. O-O Nf5 12. Nxf5 Bxf5 13. Qe2 Nd7 14. Rad1 Nf8 15. Ne4 Ng6 16. a3 Bxe4 17. Qxe4 Be7 18. Bxe6 Bxg5 19. hxg5 Ne7 20. Bc4 Qxb2 21. Rb1 Qxa3 22. Rxb7 O-O 23. g6 Nd5 24. gxf7+ Kh8 25. Bxd5 cxd5 26. Qg6 Qa6 1-0


[Site "https://www.chess.com"]

[Event "Titled Tuesday Blitz October 11 Late 2022"]
[White "Romero Ruscalleda, Josep"]
[Black "Clawitter, Craig"]
[WhiteFideId "2231859"]
[BlackFideId "2023105"]
[WhiteElo "2371"]
[BlackElo "2211"]
[Result "0-1"]
[Round "04"]
[TimeControl "180+1"]
[Date "2022.10.12"]
[WhiteClock "0:01:45"]
[BlackClock "0:00:21"]

1. e4 e6 2. d4 d5 3. e5 c5 4. c3 Qb6 5. Bd3 Nc6 6. dxc5 Bxc5 7. Qe2 Nge7 8. b4 Nxb4 9. cxb4 Bd4 10. Bb2 Qxb4+ 11. Qd2 Qxb2 12. Ne2 Qxd2+ 13. Kxd2 Bxa1 14. f4 Nc6 15. Na3 Bd4 16. Nb5 Bb6 17. Nd6+ Ke7 18. g4 Bc5 19. Nb5 a6 20. Nbc3 Bd7 21. Rb1 b5 22. a4 b4 23. Nd1 Rhc8 24. Bc2 a5 25. Nb2 Nd4 26. Nxd4 Bxd4 27. Nd3 Rxc2+ 28. Kxc2 Bxa4+ 29. Kd2 Rc8 30. Ne1 Bc3+ 31. Ke2 Bxe1 32. Kxe1 b3 33. Kd2 Rc2+ 34. Kd3 Bb5+ 35. Kd4 a4 36. f5 Rc4+ 37. Ke3 Re4+ 38. Kf3 Rxe5 39. Kf4 Re4+ 40. Kg5 h6+ 41. Kh5 exf5 42. gxf5 Kf6 43. h4 Be2# 0-1


[Site "https://www.chess.com"]

[Event "Titled Tuesday Blitz October 11 Late 2022"]
[White "Rorrer, Grayson"]
[Black "Sanchez, Robert"]
[WhiteFideId "30944996"]
[BlackFideId "2034360"]
[WhiteElo "2130"]
[BlackElo "2420"]
[Result "0-1"]
[Round "04"]
[TimeControl "180+1"]
[Date "2022.10.12"]
[WhiteClock "0:00:01"]
[BlackClock "0:00:11"]

1. e4 e6 2. d4 d5 3. Nd2 Nf6 4. e5 Nfd7 5. c3 c5 6. f4 Nc6 7. Ndf3 a5 8. Bd3 a4 9. Ne2 cxd4 10. cxd4 Nb6 11. O-O Bd7 12. Kh1 Be7 13. Bd2 O-O 14. Rc1 Na5 15. g4 Nac4 16. b3 Nxd2 17. Qxd2 f6 18. Ng3 axb3 19. axb3 g6 20. Rg1 Kh8 21. f5 fxe5 22. Nxe5 Bg5 23. Qg2 Bxc1 24. fxg6 Qg5 25. Nh5 hxg6 26. Nxg6+ Kg8 27. Nxf8 Rxf8 28. Qc2 Be3 29. Bh7+ Kh8 30. Qc5 Rf7 31. Re1 Kxh7 32. Qc2+ Kh8 33. Qe2 Bxd4 34. Qd1 e5 35. Ng3 Bxg4 0-1


[Site "https://www.chess.com"]

[Event "Titled Tuesday Blitz October 11 Late 2022"]
[White "Rose, Felix"]
[Black "Kovanova, Baira"]
[WhiteFideId "5105722"]
[BlackFideId "4164083"]
[WhiteElo "2039"]
[BlackElo "2217"]
[Result "0-1"]
[Round "04"]
[TimeControl "180+1"]
[Date "2022.10.12"]
[WhiteClock "0:00:59"]
[BlackClock "0:01:46"]

1. d4 Nf6 2. Nc3 d5 3. Bf4 e6 4. Nb5 Na6 5. e3 c6 6. Nc3 Nc7 7. Bd3 Bd6 8. Bxd6 Qxd6 9. Nf3 O-O 10. Ne5 c5 11. f4 c4 12. Be2 b5 13. Bf3 b4 14. Ne2 Nd7 15. O-O f6 16. Nxc4 dxc4 17. Bxa8 Nxa8 18. e4 Nc7 19. c3 Bb7 20. Ng3 f5 21. d5 fxe4 22. dxe6 Qxe6 23. f5 Qb6+ 24. Kh1 Ne5 25. Qd4 Qxd4 26. cxd4 Nd3 27. Rab1 Nb5 28. Nh5 Nxd4 29. f6 e3 30. fxg7 Rxf1+ 31. Rxf1 Nf2+ 32. Kg1 Ne2# 0-1


[Site "https://www.chess.com"]

[Event "Titled Tuesday Blitz October 11 Late 2022"]
[White "Rubio Tent, Francisco"]
[Black "Averjanov, Alexey"]
[WhiteFideId "2238233"]
[BlackFideId "14109867"]
[WhiteElo "2445"]
[BlackElo "2667"]
[Result "1-0"]
[Round "04"]
[TimeControl "180+1"]
[Date "2022.10.12"]
[WhiteClock "0:00:13"]
[BlackClock "0:00:53"]

1. e4 c6 2. d4 d5 3. Nd2 dxe4 4. Nxe4 Bf5 5. Ng3 Bg6 6. h4 h6 7. Nf3 Nd7 8. h5 Bh7 9. Bd3 Bxd3 10. Qxd3 e6 11. Bd2 Ngf6 12. O-O-O Be7 13. Kb1 O-O 14. Ne4 Nxe4 15. Qxe4 Nf6 16. Qe2 Qd5 17. Ne5 Qe4 18. Be3 Nd5 19. Rh3 Bg5 20. Re1 Nxe3 21. fxe3 c5 22. Nd7 cxd4 23. Nxf8 Rxf8 24. exd4 Qxd4 25. Rd3 Qc5 26. Qe5 Qf2 27. Qe2 Qc5 28. a3 Bf6 29. Qe3 Qxh5 30. Qxa7 Qb5 31. Rb3 Qd5 32. Qxb7 Qd2 33. Qe4 Rc8 34. c3 Rd8 35. Qe2 Qg5 36. Rb5 Qf4 37. Rd1 Rc8 38. Rb4 Qf5+ 39. Qe4 Qf2 40. Qc2 Qe3 41. Qd2 Qe5 42. Re1 Qf5+ 43. Qc2 Qd5 44. Qe4 Qd2 45. Qe2 Qd5 46. Rd1 Qf5+ 47. Qe4 Qf2 48. Rb7 g6 49. Rbd7 Bxc3 50. Rd8+ Kg7 51. Qc2 Qxc2+ 52. Kxc2 Rxd8 53. Rxd8 Bf6 54. Rd7 h5 55. a4 g5 56. a5 g4 57. a6 h4 58. a7 h3 59. gxh3 gxh3 60. a8=Q h2 61. Qh1 Be5 62. Rd3 f5 63. Rh3 Kf6 64. Rxh2 Bxh2 65. Qxh2 e5 66. Qe2 e4 67. b4 Ke5 68. b5 f4 69. b6 f3 70. Qb5+ Kf4 71. b7 f2 72. b8=Q+ Ke3 73. Q8b6+ Kf3 74. Qf5+ Kg2 75. Qbxf2+ Kh1 76. Qxe4# 1-0


[Site "https://www.chess.com"]

[Event "Titled Tuesday Blitz October 11 Late 2022"]
[White "Sabar, Ethmane Daouda"]
[Black "Sibilio, Mario"]
[WhiteFideId "19600097"]
[BlackFideId "800422"]
[WhiteElo "1950"]
[BlackElo "2296"]
[Result "0-1"]
[Round "04"]
[TimeControl "180+1"]
[Date "2022.10.12"]
[WhiteClock "0:00:02"]
[BlackClock "0:00:33"]

1. b3 d5 2. Bb2 Nc6 3. e3 a6 4. f4 d4 5. e4 Nf6 6. d3 Ng4 7. Bc1 e5 8. a3 exf4 9. Bxf4 Bd6 10. Qf3 Bxf4 11. Qxf4 Ne3 12. Kd2 g5 13. Qf2 f5 14. exf5 O-O 15. Nf3 Bxf5 16. h3 Bg6 17. Be2 Qe7 18. Ra2 Rae8 19. Re1 Qd6 20. Kc1 Ne5 21. Nbd2 c5 22. Kb1 b5 23. Qg3 h6 24. Ne4 Bxe4 25. dxe4 Rf4 26. Bd3 c4 27. bxc4 bxc4 28. Nxe5 Qxe5 0-1


[Site "https://www.chess.com"]

[Event "Titled Tuesday Blitz October 11 Late 2022"]
[White "Sai Krishna G V"]
[Black "Carbone, Diego"]
[WhiteFideId "5028280"]
[BlackFideId "3002179"]
[WhiteElo "2359"]
[BlackElo "2243"]
[Result "1-0"]
[Round "04"]
[TimeControl "180+1"]
[Date "2022.10.12"]
[WhiteClock "0:00:19"]
[BlackClock "0:00:17"]

1. Nc3 c5 2. e4 Nc6 3. Bb5 Nd4 4. Nf3 Nxb5 5. Nxb5 a6 6. Nc3 d6 7. e5 d5 8. O-O Bf5 9. Nh4 Bg6 10. e6 Qd6 11. Re1 fxe6 12. d4 Bf7 13. Nf3 Bh5 14. Qd3 Bxf3 15. Qxf3 Nf6 16. Bf4 Qc6 17. dxc5 O-O-O 18. b4 h6 19. a4 g5 20. b5 Qxc5 21. Be5 a5 22. b6 Bg7 23. Nb5 g4 24. Qe2 Qc4 25. Qxc4+ dxc4 26. Rad1 Rd5 27. Nc7 Rxd1 28. Rxd1 Nh5 29. Bxg7 Nxg7 30. h3 gxh3 31. Rd4 Nf5 32. Rxc4 Nd6 33. Rc5 hxg2 34. Rxa5 Kd7 35. Re5 Rg8 36. Nxe6 Rg4 37. a5 Kc6 38. Nd8+ Kd7 39. Nxb7 Nxb7 40. a6 Rb4 41. axb7 Rxb6 42. Rh5 Kc7 43. Re5 Kd7 44. Rh5 Kc7 45. Kxg2 Kxb7 46. Re5 Rc6 47. Rxe7+ Kb6 48. Rh7 Rxc2 49. Rxh6+ Kc7 50. Re6 Kd7 51. Re1 Rc6 52. f4 Rc2+ 53. Kf3 Kd6 54. f5 Kd7 55. Kf4 Kd6 56. Kg5 Rg2+ 57. Kf6 Kd7 58. Kf7 Rf2 59. f6 Rg2 60. Kf8 Kd8 61. f7 Kd7 62. Re4 Kd6 63. Ke8 Ra2 64. f8=Q+ Kd5 65. Qf7+ Kxe4 66. Qxa2 Kd4 67. Qf7 Ke4 68. Qe7+ Kd4 69. Kd7 Kd5 70. Qe6+ Kd4 71. Qd6+ Kc3 72. Kc6 Kb2 73. Qd5 Kb1 74. Kc5 Ka1 75. Qd4+ Kb1 76. Qc4 Kb2 77. Kd4 Ka3 78. Qb5 Ka2 79. Qb4 Ka1 80. Kc3 Ka2 81. Qb5 Ka1 82. Qb6 Ka2 83. Qb7 Ka1 84. Qb8 Ka2 85. Qb2# 1-0


[Site "https://www.chess.com"]

[Event "Titled Tuesday Blitz October 11 Late 2022"]
[White "Sailer, Mike"]
[Black "Domingo Nunez, Ruben"]
[WhiteFideId "2012901"]
[BlackFideId "22245570"]
[WhiteElo "2244"]
[BlackElo "2637"]
[Result "0-1"]
[Round "04"]
[TimeControl "180+1"]
[Date "2022.10.12"]
[WhiteClock "0:00:27"]
[BlackClock "0:00:50"]

1. d4 g6 2. Nc3 Bg7 3. Bf4 c6 4. e4 d5 5. e5 f6 6. exf6 Nxf6 7. Qd2 Qb6 8. O-O-O O-O 9. Bh6 Bxh6 10. Qxh6 Ng4 11. Qg5 Nxf2 12. Bd3 Bf5 13. Nf3 Nxh1 14. Rxh1 Qc7 15. Ne5 Nd7 16. Bxf5 Nxe5 17. Be6+ Nf7 18. h4 Kg7 19. Bxf7 Rxf7 20. Kb1 Qf4 21. Qxf4 Rxf4 22. Re1 Raf8 23. g3 Rf1 0-1


[Site "https://www.chess.com"]

[Event "Titled Tuesday Blitz October 11 Late 2022"]
[White "Sanal, Vahap"]
[Black "Melkumyan, Hrant"]
[WhiteFideId "6300545"]
[BlackFideId "13302485"]
[WhiteElo "2574"]
[BlackElo "2604"]
[Result "1/2-1/2"]
[Round "04"]
[TimeControl "180+1"]
[Date "2022.10.11"]
[WhiteClock "0:00:08"]
[BlackClock "0:00:12"]

1. Nf3 d5 2. b3 c5 3. e3 a6 4. Bb2 Nc6 5. g3 f6 6. d4 cxd4 7. exd4 Bg4 8. Bg2 e6 9. O-O Bd6 10. Re1 Qd7 11. c4 Nge7 12. Nc3 O-O 13. h3 Bh5 14. Na4 Rae8 15. Nb6 Qd8 16. c5 Bc7 17. Rxe6 Bxb6 18. cxb6 Qxb6 19. Qd2 Bf7 20. Ree1 Ng6 21. h4 h6 22. Rec1 Rc8 23. Nh2 Qd8 24. Nf1 Re8 25. Ne3 Nge7 26. Re1 Qd7 27. Kh2 Be6 28. Rac1 Nf5 29. Nxf5 Bxf5 30. Qf4 Be6 31. Rc5 Rcd8 32. Bf3 Bf7 33. Rcc1 Rxe1 34. Rxe1 Re8 35. Rxe8+ Qxe8 36. Bc3 Qd7 37. h5 Be6 38. g4 Qd8 39. Kg2 Kf7 40. Be2 Qc8 41. f3 Ne7 42. Qe3 Nc6 43. Bd3 Qd7 44. Bg6+ Kg8 45. Be1 Kf8 46. Bg3 Kg8 47. a3 Bf7 48. Bf5 Qe7 49. Qxe7 Nxe7 50. Bd7 Kf8 51. Bd6 Be8 52. Bf5 Kf7 53. Bg6+ Nxg6 54. hxg6+ Kxg6 55. Kg3 Bb5 56. a4 Be2 57. a5 Kf7 58. Kf4 Bd3 59. b4 Ke6 60. Bf8 Kf7 61. Bc5 Bc2 62. Kg3 Bd1 63. Kf4 g6 64. Kg3 h5 65. gxh5 gxh5 66. Kf4 Ke6 67. Bf8 Kd7 68. Bg7 Ke7 69. Bh6 Kf7 70. Kg3 Ke6 71. Bf8 Kd7 72. Bg7 Ke7 73. Bh6 Kf7 74. Bf4 Kg6 75. Bd6 Kf5 76. Be7 Be2 77. Bd8 Ke6 78. Kf2 Bc4 79. Kg3 Bb3 80. Bb6 Kd7 81. Bc5 Kc6 82. Kh4 Bd1 83. Kxh5 Bxf3+ 84. Kg6 Be2 85. Kxf6 Bb5 86. Ke7 Bc4 87. Kd8 Bb5 88. Ke7 Bc4 89. Kf6 Bb5 90. Ke5 Bc4 91. Kf6 Bb5 1/2-1/2


[Site "https://www.chess.com"]

[Event "Titled Tuesday Blitz October 11 Late 2022"]
[White "Sarana, Alexey"]
[Black "Gorodetzky, David"]
[WhiteFideId "24133795"]
[BlackFideId "2813416"]
[WhiteElo "2689"]
[BlackElo "2487"]
[Result "1-0"]
[Round "04"]
[TimeControl "180+1"]
[Date "2022.10.11"]
[WhiteClock "0:00:54"]
[BlackClock "0:00:03"]

1. c4 Nf6 2. Nc3 e6 3. e4 c5 4. e5 Ng8 5. Nf3 Nc6 6. d4 cxd4 7. Nxd4 Nxe5 8. Ndb5 a6 9. Nd6+ Bxd6 10. Qxd6 f6 11. Be3 Ne7 12. Bb6 Nf5 13. Qb4 Nc6 14. Qc5 d6 15. Bxd8 dxc5 16. Bb6 Ne5 17. Bxc5 Bd7 18. Be2 Rc8 19. b4 Bc6 20. f3 h5 21. a4 Kf7 22. Bb6 Be8 23. c5 Nd4 24. Ne4 Nc2+ 25. Kf2 Nxa1 26. Nd6+ Kg6 27. Rxa1 Rb8 28. Bc7 Ra8 29. Nxb7 Ra7 30. Bxe5 Rxb7 31. Bc3 Ra7 32. b5 axb5 33. axb5 Rxa1 34. Bxa1 Kf7 35. Bc3 Ke7 36. Bb4 Kd7 37. Bc4 Bf7 38. Ke3 Ra8 39. Kd3 Ra1 40. Kc2 Bg6+ 41. Kd2 Rb1 42. c6+ Kc7 43. Ba5+ Kd6 44. c7 Kd7 45. Bxe6+ 1-0


[Site "https://www.chess.com"]

[Event "Titled Tuesday Blitz October 11 Late 2022"]
[White "Sarkar, Justin"]
[Black "Janaszak, Dawid"]
[WhiteFideId "2010011"]
[BlackFideId "1119206"]
[WhiteElo "2250"]
[BlackElo "2226"]
[Result "0-1"]
[Round "04"]
[TimeControl "180+1"]
[Date "2022.10.12"]
[WhiteClock "0:00:01"]
[BlackClock "0:02:05"]

1. d4 Nf6 2. c4 g6 3. Nc3 Bg7 4. e4 d6 5. f3 a6 6. Be3 Nc6 7. Nge2 O-O 8. Qd2 h5 9. Bh6 b5 10. cxb5 axb5 11. Bxg7 Kxg7 12. Nxb5 Rb8 13. Nec3 e5 14. d5 Ne7 15. O-O-O Bd7 16. Kb1 Rb7 17. Rc1 Qa8 18. Be2 Rfb8 19. a4 Nc8 20. Rc2 Nb6 21. b3 Ne8 22. Rhc1 c6 23. dxc6 Bxc6 24. Rb2 Nc8 25. Kc2 Rd7 26. Kd1 Ne7 27. Ke1 d5 28. exd5 Nxd5 29. Nxd5 Bxd5 0-1


[Site "https://www.chess.com"]

[Event "Titled Tuesday Blitz October 11 Late 2022"]
[White "Savic, Miroslav"]
[Black "Zhukov, Maksim"]
[WhiteFideId "14508494"]
[BlackFideId "34181790"]
[WhiteElo "2209"]
[BlackElo "1929"]
[Result "0-1"]
[Round "04"]
[TimeControl "180+1"]
[Date "2022.10.12"]
[WhiteClock "0:00:02"]
[BlackClock "0:01:46"]

1. Nf3 Nf6 2. c4 g6 3. Nc3 Bg7 4. e4 O-O 5. d4 d6 6. Be2 e5 7. O-O exd4 8. Nxd4 Re8 9. f3 Nc6 10. Be3 Nh5 11. Rc1 Nf4 12. Nd5 Bxd4 13. Bxd4 Nxe2+ 14. Qxe2 Nxd4 15. Qd2 Nc6 16. Qh6 Be6 17. b4 Bxd5 18. cxd5 Ne5 19. f4 Nd3 20. Rc4 Qf6 21. Rf3 b5 22. Rxc7 Qd4+ 23. Kf1 Rxe4 24. g3 Qb2 25. Rxd3 Qe2+ 26. Kg1 Qxd3 0-1


[Site "https://www.chess.com"]

[Event "Titled Tuesday Blitz October 11 Late 2022"]
[White "Slugin, Sergey"]
[Black "Makaraci, Tunahan"]
[WhiteFideId "4122569"]
[BlackFideId "6356559"]
[WhiteElo "2735"]
[BlackElo "2554"]
[Result "1-0"]
[Round "04"]
[TimeControl "180+1"]
[Date "2022.10.12"]
[WhiteClock "0:00:07"]
[BlackClock "0:00:07"]

1. e4 Nf6 2. e5 Nd5 3. d4 d6 4. c4 Nb6 5. f4 dxe5 6. fxe5 Bf5 7. Nc3 e6 8. Nf3 Bb4 9. a3 Bxc3+ 10. bxc3 c5 11. Bd3 Bg6 12. O-O Nc6 13. Be3 Na5 14. Bxg6 hxg6 15. Ng5 Naxc4 16. Nxf7 Nxe3 17. Qe2 Qh4 18. g3 Qxh2+ 19. Qxh2 Rxh2 20. Nd6+ Kd8 21. Rf8+ Kc7 22. Rf7+ Kc6 23. Kxh2 Rh8+ 24. Kg1 Nbd5 25. Nxb7 Nxc3 26. Nxc5 Nc2 27. Raf1 Nxd4 28. Nd3 Kd5 29. Kg2 Ke4 30. Nf4 Kxe5 31. Nxg6+ Kd5 32. Nxh8 Ne4 33. Rd7+ Ke5 34. Ng6# 1-0


[Site "https://www.chess.com"]

[Event "Titled Tuesday Blitz October 11 Late 2022"]
[White "Souleidis, Georgios"]
[Black "Aguilar, Juan"]
[WhiteFideId "4206827"]
[BlackFideId "3800091"]
[WhiteElo "2401"]
[BlackElo "2370"]
[Result "0-1"]
[Round "04"]
[TimeControl "180+1"]
[Date "2022.10.12"]
[WhiteClock "0:00:10"]
[BlackClock "0:00:53"]

1. e4 c5 2. Be2 Nc6 3. d3 d5 4. f4 dxe4 5. dxe4 Qxd1+ 6. Bxd1 Nf6 7. e5 Nd5 8. c4 Ndb4 9. Nc3 Bf5 10. Nf3 Nd3+ 11. Ke2 O-O-O 12. Ba4 Nd4+ 13. Nxd4 cxd4 14. Nb5 a6 15. Na3 Nc5 16. Bd1 e6 17. h3 h5 18. Bd2 Rh6 19. b4 Ne4 20. Be1 Rg6 21. Kf1 Be7 22. c5 d3 23. Nc4 d2 24. Bf2 Nc3 25. Bf3 d1=Q+ 26. Bxd1 Rxd1+ 27. Rxd1 Nxd1 28. Nd6+ Bxd6 29. exd6 Nxf2 30. Kxf2 Be4 31. g3 Bxh1 0-1


[Site "https://www.chess.com"]

[Event "Titled Tuesday Blitz October 11 Late 2022"]
[White "Sowul, Bartosz"]
[Black "Georgiadis, Ioannis"]
[WhiteFideId "1137590"]
[BlackFideId "4208900"]
[WhiteElo "2188"]
[BlackElo "2446"]
[Result "0-1"]
[Round "04"]
[TimeControl "180+1"]
[Date "2022.10.12"]
[WhiteClock "0:00:15"]
[BlackClock "0:01:09"]

1. e4 c6 2. d4 d5 3. exd5 cxd5 4. Nf3 Nc6 5. Bb5 Bg4 6. h3 Bh5 7. Nc3 e6 8. O-O Bd6 9. a4 Ne7 10. a5 a6 11. Ba4 O-O 12. Be3 Nxa5 13. g4 Bg6 14. Ne5 Nc4 15. Bf4 Nxb2 16. Qb1 Nxa4 17. Nxa4 b5 18. Nc5 Bxc5 19. dxc5 Qc8 20. Be3 Nc6 21. Nxc6 Qxc6 22. Qb2 f6 23. f4 Be4 24. Bd4 e5 25. fxe5 fxe5 26. Bxe5 Qxc5+ 27. Bd4 Qxc2 28. Rxf8+ Kxf8 29. Bxg7+ Kg8 30. Rc1 Qxb2 31. Bxb2 a5 32. h4 b4 33. g5 a4 34. h5 a3 35. Bd4 b3 36. g6 b2 0-1


[Site "https://www.chess.com"]

[Event "Titled Tuesday Blitz October 11 Late 2022"]
[White "Stanisz, Patryk"]
[Black "Salman, Pavel"]
[WhiteFideId "1123106"]
[BlackFideId "24153753"]
[WhiteElo "2069"]
[BlackElo "2187"]
[Result "0-1"]
[Round "04"]
[TimeControl "180+1"]
[Date "2022.10.12"]
[WhiteClock "0:00:05"]
[BlackClock "0:00:11"]

1. d4 Nf6 2. Nf3 c5 3. d5 b5 4. g3 Bb7 5. Bg2 Bxd5 6. O-O e6 7. Nbd2 Be7 8. b3 O-O 9. Bb2 Qc7 10. c4 bxc4 11. bxc4 Bc6 12. Qc2 Na6 13. a3 h6 14. Rad1 Rab8 15. h4 Rb7 16. Ba1 Rfb8 17. e4 Qa5 18. e5 Ba4 19. Qd3 Ne8 20. Rc1 Bc6 21. Rfe1 Nac7 22. Bc3 Qa6 23. Ne4 Rb3 24. Nd6 Qxa3 25. Nxf7 Kxf7 26. h5 Kg8 27. Nd2 Bg5 28. Nxb3 Rxb3 29. Rc2 Bxg2 30. Kxg2 Qa4 31. f4 Qc6+ 32. Kh3 Bd8 33. g4 a5 34. g5 hxg5 35. fxg5 Bxg5 36. Rg2 Bh6 37. Qg6 Rxc3+ 38. Rg3 Rxg3+ 39. Qxg3 Qa4 40. Rg1 Qxc4 41. Qg6 Qc3+ 42. Rg3 Qxe5 43. Qxh6 Qxg3+ 44. Kxg3 gxh6 45. Kf3 a4 0-1


[Site "https://www.chess.com"]

[Event "Titled Tuesday Blitz October 11 Late 2022"]
[White "Stork, Oliver"]
[Black "Taichman, Ori"]
[WhiteFideId "12955728"]
[BlackFideId "2804069"]
[WhiteElo "2433"]
[BlackElo "2644"]
[Result "0-1"]
[Round "04"]
[TimeControl "180+1"]
[Date "2022.10.12"]
[WhiteClock "0:00:05"]
[BlackClock "0:00:12"]

1. c4 g6 2. Nc3 Bg7 3. g3 Nf6 4. Bg2 O-O 5. Nf3 d6 6. O-O Nc6 7. d4 Rb8 8. h3 a6 9. e4 b5 10. cxb5 axb5 11. d5 b4 12. Na4 Na5 13. Nd4 Bd7 14. Be3 c5 15. dxc6 Nxc6 16. Rc1 Nxd4 17. Bxd4 Qa5 18. b3 Bxa4 19. bxa4 Nd7 20. Bxg7 Kxg7 21. Qd4+ Kg8 22. f4 Qxa4 23. e5 dxe5 24. fxe5 Nb6 25. Rc7 b3 26. Qxa4 Nxa4 27. axb3 Rxb3 28. Rxe7 Rxg3 29. Kh2 Rd3 30. Rc7 Nc3 31. Rf3 Rxf3 32. Bxf3 Nb5 33. Rd7 Re8 34. Bd5 Rxe5 35. Bxf7+ Kf8 36. Bc4 Na3 37. Bd3 Re3 38. Kg2 Ke8 39. Rd5 Ke7 40. h4 Ke6 41. Rd8 Ke5 42. Kf2 Rh3 43. Ke2 Kf4 44. Ra8 Rh2+ 45. Kd1 Ke3 46. Rxa3 Rd2+ 47. Ke1 Rxd3 48. Rxd3+ Kxd3 49. Kf2 Ke4 50. Kg3 h5 0-1


[Site "https://www.chess.com"]

[Event "Titled Tuesday Blitz October 11 Late 2022"]
[White "Svane, Rasmus"]
[Black "Koziorowicz, Michal"]
[WhiteFideId "4657101"]
[BlackFideId "21809194"]
[WhiteElo "2674"]
[BlackElo "2220"]
[Result "1/2-1/2"]
[Round "04"]
[TimeControl "180+1"]
[Date "2022.10.11"]
[WhiteClock "0:00:05"]
[BlackClock "0:00:16"]

1. Nf3 e6 2. g3 b5 3. Bg2 Bb7 4. d4 Nf6 5. Bg5 Be7 6. Qd3 a6 7. a4 b4 8. O-O h6 9. Bxf6 Bxf6 10. Nbd2 O-O 11. Ng5 Bxg5 12. Bxb7 Ra7 13. Bg2 d5 14. c4 c6 15. e3 Nd7 16. Rfc1 Qb6 17. a5 Qb8 18. cxd5 cxd5 19. Rc6 Rc8 20. Rac1 Rxc6 21. Rxc6 Qb5 22. Rc8+ Nf8 23. Qxb5 axb5 24. Nb3 Be7 25. Bf1 Kh7 26. Bxb5 Nd7 27. a6 Nb6 28. Rb8 Nc4 29. Kf1 Nxb2 30. Na5 Bd6 31. Rc8 Nc4 32. Nxc4 dxc4 33. Bxc4 h5 34. Rc6 Bc7 35. Ke2 Kg6 36. Kd3 Kg5 37. Kc2 Kg4 38. Be2+ Kh3 39. Kb3 Kxh2 40. Kxb4 Kg2 41. Bxh5 Kxf2 42. e4 g6 43. Bg4 Ke3 44. d5 exd5 45. exd5 f5 46. Bd1 Bxg3 47. Rxg6 Bf2 48. Kb5 f4 49. Re6+ Kd4 50. d6 Kd5 51. Bb3+ Kd4 52. Re7 Ra8 53. d7 Rd8 54. Be6 Rb8+ 55. Kc6 Ke5 56. Re8 Rb6+ 57. Kc7 Rd6 58. d8=Q Bb6+ 59. Kc8 Bxd8 60. Rxd8 Rxa6 61. Bc4 Ra8+ 62. Kc7 Rxd8 63. Kxd8 Kd4 64. Bf1 Ke3 65. Ke7 f3 66. Ba6 f2 67. Ke6 f1=Q 68. Bxf1 1/2-1/2


[Site "https://www.chess.com"]